 Dungeon Crawl Stone Soup version 0.31-a0-233-g139696dc86 (webtiles) character file.

Game seed: 5416102496121653852

195 qw the Shooter (level 5, -7/32 HPs)
             Began as a Gargoyle Hexslinger on July 7, 2023.
             Killed from afar by an orc wizard (9 damage)
             ... with a magic dart
             ... on level 3 of the Dungeon.
             The game lasted 00:01:16 (2597 turns).

qw the Shooter (Gargoyle Hexslinger)                Turns: 2597, Time: 00:01:16

Health: -7/32      AC:  7    Str: 12    XL:     5   Next: 74%
Magic:  6/6        EV: 11    Int: 13    God:
Gold:   107        SH:  0    Dex: 14    Spells: 5/6 levels left

rFire   . . .        Y - +1 sling
rCold   . . .        (no shield)
rNeg    + . .        a - +0 leather armour
rPois   inf          (helmet restricted)
rElec   +            (no cloak)
rCorr   .            (no gloves)
SInv    .            (no boots)
Will    .....        (no amulet)
Stlth   +            (no ring)
HPRegen 0.25/turn    (no ring)
MPRegen 0.10/turn

%: no passive effects
@: no status effects
A: sickness immunity, AC +4, negative energy resistance 1, electricity
resistance, torment resistance 1, petrification resistance, antennae 1
a: no special abilities


You were on level 3 of the Dungeon.
You visited 1 branch of the dungeon, and saw 3 of its levels.

You collected 107 gold pieces.


Innate Abilities, Weirdness & Mutations

You are immune to sickness and miasma.
Your stone body is resilient. (AC +4)
You are immune to poison.
You resist negative energy. (rN+)
You are resistant to electric shocks. (rElec)
You are resistant to unholy torment.
You are immune to petrification.
You have a pair of small antennae on your head.


   Skills:
 - Level 3.1 Fighting
 + Level 5.0 Ranged Weapons
 - Level 1.5 Dodging
 - Level 1.0 Spellcasting
 - Level 2.6 Hexes


You had 5 spell levels left.
You knew the following spells:

 Your Spells              Type           Power      Damage    Failure   Level
a - Slow                  Hex            28%        N/A       12%         1

Your spell library contained the following spells:

 Spells                   Type           Power      Damage    Failure   Level
 Inner Flame              Hex/Fire       4%         N/A       52%         3
 Portal Projectile        Hex/Tloc       8%         N/A       52%         3
 Cause Fear               Hex            3%         N/A       75%         4

Inventory:

Hand Weapons
 Y - a +1 sling (weapon)
Armour
 a - a +0 leather armour (worn)
 c - a +0 ring mail
Scrolls
 j - a scroll of identify
Potions
 b - a potion of berserk rage {unknown}
 d - a potion of enlightenment {unknown}
 e - 3 potions of mutation
 f - a potion of attraction {unknown}
 g - 2 potions of curing {unknown}
 h - a potion of might {unknown}
 i - a potion of magic {unknown}

Dungeon Overview and Level Annotations

Branches:
Dungeon (3/15)

Altars:
Hepliaklqana
Ru
The Shining One


Message History

You shoot a sling bullet. The sling bullet barely misses the orc.
Something hits you but does no damage. Something hits you.
You shoot a sling bullet.
The sling bullet closely misses the orc.
Something hits you but does no damage. The orc barely misses you.
You hear some strange, mumbled words.
You are confused.
Something hits you. The orc hits you with a +0 flail! Something hits you.
Something hits you but does no damage. The orc hits you with a +0 flail.
Something hits you. Something hits you but does no damage.
The orc hits you but does no damage. Something hits you but does no damage.
Something hits you. The orc closely misses you. Something hits you.
You hear some strange, mumbled words.
Something tries to affect you, but you resist.
The orc barely misses you. Something hits you but does no damage.
Something hits you but does no damage. The orc barely misses you.
Something hits you but does no damage. Something completely misses you.
The orc barely misses you. Something hits you but does no damage.
You feel less confused. Something hits you but does no damage.
The orc hits you with a +0 flail. Something hits you but does no damage.
You shoot a sling bullet. The sling bullet hits the orc.
You kill the orc!
Something hits you but does no damage.
You hear some strange, mumbled words.
A magic dart appears from out of thin air!
The magic dart hits you!
You shoot a sling bullet. Something hits you but does no damage.
You hear some strange, mumbled words.
A puff of flame appears from out of thin air!
The puff of flame misses you.
You shoot a sling bullet. Something hits you.
You hear some strange, mumbled words.
A magic dart appears from out of thin air!
The magic dart hits you!
You die...

# ### ###
###8###8###8####
#..............#
..)...{{.......#
..)...)@.......#
..#8###8###8##.#
### ####.# #.#
#### # #.# #...
## ##.######.#.
.## #.....##..#.
..## ## ##
#....>##.###
...######
##8###_##
##........#


There were no monsters in sight!

Vanquished Creatures
  A hound (D:3)
  Robin (D:3)
  4 adders
  3 worms (D:3)
  3 dart slugs
  4 orcs (D:3)
  7 bats
  9 endoplasms
  2 giant cockroaches
  20 goblins
  6 hobgoblins
  4 jackals (D:3)
  9 kobolds
  4 quokkas
  7 ball pythons
  5 frilled lizards
  2 rats
91 creatures vanquished.

Notes
Turn   | Place    | Note
-------+----------+-------------------------------------------
     0 | D:1      | qw the Gargoyle Hexslinger began the quest for the Orb.
     0 | D:1      | Reached XP level 1. HP: 12/12 MP: 2/2
     0 | D:1      | 0 ||| qw: Version: 0.3-a-46-gb1f654a
     0 | D:1      | 0 ||| qw: Game counter: 3202
     0 | D:1      | 0 ||| qw: Melee chars always use a shield: true
     0 | D:1      | 0 ||| qw: God list: Okawaru
     0 | D:1      | 0 ||| qw: Allow faded altars: false
     0 | D:1      | 0 ||| qw: Do Orc after clearing Dungeon:15 true
     0 | D:1      | 0 ||| qw: Do second Lair branch before Depths: true
     0 | D:1      | 0 ||| qw: Lair rune preference: random
     0 | D:1      | 0 ||| qw: Goals: Normal
     0 | D:1      | 0 ||| PLANNING D:1-11
   117 | D:1      | Reached XP level 2. HP: 16/16 MP: 3/3
   355 | D:1      | Reached skill level 3 in Ranged Weapons
   675 | D:1      | Reached XP level 3. HP: 21/21 MP: 4/4
  1080 | D:1      | 1080 ||| READING scroll labelled FUMNYLO DEERCHAGEWE.
  1081 | D:1      | 1081 ||| DROPPING scroll of poison.
  1395 | D:2      | Reached skill level 4 in Ranged Weapons
  1395 | D:2      | Reached XP level 4. HP: 26/26 MP: 5/5
  1708 | D:2      | 1708 ||| UPGRADING to +0 leather armour.
  1718 | D:2      | 1718 ||| DROPPING +0 robe.
  1719 | D:2      | 1719 ||| READING scroll labelled PODEVUWUAD.
  1720 | D:2      | 1720 ||| DRINKING 2 green potions.
  1720 | D:2      | Gained mutation: You have a pair of small antennae on your
                  | head. [potion of mutation]
  1797 | D:3      | 1797 ||| FLEEEEING.
  1798 | D:3      | 1798 ||| FLEEEEING.
  1799 | D:3      | 1799 ||| FLEEEEING.
  1895 | D:3      | 1895 ||| FLEEEEING.
  1959 | D:3      | Reached XP level 5. HP: 12/30 MP: 6/6
  2040 | D:3      | Found a sacrificial altar of Ru.
  2214 | D:3      | Found a hazy altar of Hepliaklqana.
  2238 | D:3      | Found a glowing golden altar of the Shining One.
  2285 | D:3      | Reached skill level 5 in Ranged Weapons
  2285 | D:3      | Noticed Robin
  2307 | D:3      | HP: 6/30 [Robin/+1 spear of freezing (3)]
  2308 | D:3      | Killed Robin
  2463 | D:3      | Reached skill level 3 in Fighting
  2463 | D:3      | 2463 ||| FLEEEEING.
  2464 | D:3      | 2464 ||| FLEEEEING.
  2465 | D:3      | 2465 ||| FLEEEEING.
  2466 | D:3      | 2466 ||| FLEEEEING.
  2467 | D:3      | 2467 ||| FLEEEEING.
  2468 | D:3      | 2468 ||| FLEEEEING.
  2473 | D:3      | 2473 ||| FLEEEEING.
  2486 | D:3      | 2486 ||| FLEEEEING.
  2487 | D:3      | 2487 ||| FLEEEEING.
  2488 | D:3      | 2488 ||| FLEEEEING.
  2489 | D:3      | 2489 ||| FLEEEEING.
  2490 | D:3      | 2490 ||| FLEEEEING.
  2491 | D:3      | 2491 ||| FLEEEEING.
  2492 | D:3      | 2492 ||| FLEEEEING.
  2493 | D:3      | 2493 ||| FLEEEEING.
  2494 | D:3      | 2494 ||| FLEEEEING.
  2495 | D:3      | 2495 ||| FLEEEEING.
  2496 | D:3      | 2496 ||| FLEEEEING.
  2497 | D:3      | 2497 ||| FLEEEEING.
  2498 | D:3      | 2498 ||| FLEEEEING.
  2499 | D:3      | 2499 ||| FLEEEEING.
  2500 | D:3      | 2500 ||| FLEEEEING.
  2501 | D:3      | 2501 ||| FLEEEEING.
  2502 | D:3      | 2502 ||| FLEEEEING.
  2503 | D:3      | 2503 ||| FLEEEEING.
  2504 | D:3      | 2504 ||| FLEEEEING.
  2505 | D:3      | 2505 ||| FLEEEEING.
  2506 | D:3      | 2506 ||| FLEEEEING.
  2508 | D:3      | 2508 ||| FLEEEEING.
  2509 | D:3      | 2509 ||| FLEEEEING.
  2510 | D:3      | 2510 ||| FLEEEEING.
  2511 | D:3      | 2511 ||| FLEEEEING.
  2512 | D:3      | 2512 ||| FLEEEEING.
  2513 | D:3      | 2513 ||| FLEEEEING.
  2514 | D:3      | 2514 ||| FLEEEEING.
  2595 | D:3      | HP: 4/32 [something/magic dart (8)]
  2597 | D:3      | Killed from afar by an orc wizard

Levels and vault maps discovered:
D:1:      dpeg_arrival_court, layout_basic, minmay_pentomino_r2
D:2:      layout_basic
D:3:      layout_rooms, nicolae_ru_the_path_less_chosen,
          nicolae_overflow_hidden_temple, serial_corexii_hall,
          corexii_hall_statues_x, corexii_hall_statues_l,
          corexii_hall_statues_i, corexii_hall_statues_i, uniq_robin

Skill      XL: |  1  2  3  4  5 |
---------------+----------------+-----
Ranged Weapons | 3 4 5 |  5.0
Fighting       | 2 3 |  3.1
Dodging        | |  1.5
Spellcasting   | |  1.0
Hexes          | |  2.6

Action                     |  1- 3 |  4- 6 || total
---------------------------+-------+-------++-------
   Fire: Sling             |   154 |   174 ||   328
    Use: Scroll            |     1 |     1 ||     2
         Potion            |       |     1 ||     1
 Armour: Robe              |    20 |       ||    20
         Leather armour    |       |    65 ||    65
  Dodge: Dodged            |    46 |    73 ||   119

Table legend:
 A = Non-vault XP
 B = Vault XP
 C = Vault XP percentage of total XP
 D = Non-vault monster count
 E = Vault monster count
 F = Vault count percentage of total count
                 A         B        C        D         E       F
            +---------+---------+-------+---------+---------+-------
      Total |     243 |      36 |  12.9 |      78 |      13 |  14.3
            +---------+---------+-------+---------+---------+-------
        D:1 |      40 |       3 |   7.0 |      24 |       2 |   7.7
        D:2 |      57 |       0 |   0.0 |      26 |       0 |   0.0
        D:3 |     146 |      33 |  18.4 |      28 |      11 |  28.2
            +---------+---------+-------+---------+---------+-------
